AoeStats
← Imperio Argentino

Arena

508697768Analyzed
1v1 RM · 9d ago on Sep 23, 2026· 63m 18s· 2 players
Game mode
Random Map
Map size
Tiny (2 player)
Population
200
Speed
Normal
Resources
Standard
Victory
Conquest
Starting age
Dark Age
Ending age
Imperial Age
RankedLock teamsTeams togetherTeam positionsShared explorationLock speedFull tech treeHidden civsTurbo modeCheats
Victory
Defeat
🇦🇷 Spanish · Argentina
752
+15
🇨🇭 Portuguese · Switzerland
721
-15
manuel.sourlier
7:46 Loom
10:27 Feudal Age
14:13 Castle Age
12:29 Double-Bit Axe
12:59 Horse Collar
23:12 Heavy Plow
23:32 Bow Saw
25:06 Wheelbarrow
29:51 Imperial Age
28:30 Gold Mining
28:30 Stone Mining
29:21 Fletching
31:06 Conscription
34:35 Two-Man Saw
33:37 Pikeman
36:24 Chemistry
35:43 Bodkin Arrow
35:59 Forging
35:51 Scale Mail Armor
37:08 Town Watch
38:38 Iron Casting
38:04 Bracer
38:14 Halberdier
42:23 Blast Furnace
41:41 Chain Mail Armor
43:42 Arquebus
45:28 Hand Cart
47:11 Elite Organ Gun
50:03 Plate Mail Armor
Imperio Argentino
4:22 Loom
13:28 Feudal Age
14:59 Man-at-Arms
16:27 Wheelbarrow
15:40 Horse Collar
16:06 Town Watch
16:29 Gold Mining
17:38 Double-Bit Axe
23:34 Castle Age
21:53 Forging
21:48 Scale Barding Armor
22:44 Bloodlines
24:45 Hand Cart
24:45 Heavy Plow
24:58 Husbandry
26:15 Chain Barding Armor
27:32 Iron Casting
27:46 Bow Saw
28:13 Stone Mining
30:11 Stone Shaft Mining
36:00 Imperial Age
35:31 Town Patrol
36:03 Ballistics
35:55 Fortified Wall
37:57 Murder Holes
39:03 Chemistry
38:48 Cavalier
40:43 Conscription
40:26 Light Cavalry
42:47 Conscription
42:20 Elite Skirmisher
43:07 Thumb Ring
44:13 Two-Man Saw
43:06 Hussar
49:03 Fletching
49:13 Padded Archer Armor
49:42 Bodkin Arrow
50:51 Blast Furnace
50:27 Plate Barding Armor
52:12 Scale Mail Armor
52:13 Bracer
52:28 Leather Archer Armor
52:19 Bracer
57:02 Ring Archer Armor
59:44 Plate Barding Armor
63:46 Devotion
Connection lost

Rejoining the realm…

Still unreachable

The connection could not be restored.

Session expired

The server has moved on; the page needs a fresh start.